 Dungeon Crawl Stone Soup version 0.18-a0-1203-gbde16db (webtiles) character file.

79144 Duffy the Brawler (level 15, -13/134 HPs)
             Began as a Ghoul Fighter on Jan 31, 2016.
             Was the Champion of Cheibriados.
             Mangled by Rupert
             ... wielding a +6 great mace of draining
              (22 damage)
             ... on level 13 of the Dungeon.
             The game lasted 00:39:58 (23366 turns).

Duffy the Brawler (Ghoul Fighter)                  Turns: 23366, Time: 00:39:58

Health: -13/134    AC: 23    Str: 38    XL:     15   Next: 62%
Magic:  20/30      EV: 22    Int: 25    God:    Cheibriados [******]
Gold:   1936       SH:  0    Dex: 25    Spells: 2 memorised, 10 levels left

rFire  + . .     SeeInvis .       - Unarmed
rCold  + . .     Gourm    .     z - +0 plate armour {rF+}
rNeg   + + +     Faith    +     (no shield)
rPois  ∞         Spirit   .     v - +3 hat of Pondering {ponderous, MR+ MP+10 Int+5}
rElec  .         Dismiss  .     O - +2 cloak {MR+}
rCorr  .         Reflect  .     (no gloves)
SustAt .         Harm     .     i - +0 pair of boots
MR     +++..                    g - amulet of faith
Stlth  ..........               k - +4 ring of evasion
                                e - +2 ring of slaying

@: rotting, very slow, extremely resistant to hostile enchantments, extremely
unstealthy
A: rotting body, claws 1, carnivore 3, cold resistance 1, negative energy
resistance 3, slow regeneration 1, torment resistance, unbreathing
a: Bend Time, Temporal Distortion, Slouch, Step From Time, Renounce Religion


You were on level 13 of the Dungeon.
You worshipped Cheibriados.
Cheibriados was exalted by your worship.
You were not hungry.

You visited 4 branches of the dungeon, and saw 26 of its levels.
You also visited: Ice Cave.

You collected 2576 gold pieces.
You spent 640 gold pieces at shops.


Innate Abilities, Weirdness & Mutations

Your body is rotting away.
You thrive on raw meat.
You are immune to poison.
You have sharp fingernails.
You are carnivorous and can eat meat at any time.
Your flesh is cold resistant.
You are immune to negative energy.
You regenerate slowly when monsters are visible.
You are immune to unholy pain and torment.
You can survive without breathing.


   Skills:
 + Level 12.4 Fighting
 + Level 11.9 Armour
 + Level 9.8 Dodging
   Level 2.6 Shields
 + Level 17.8 Unarmed Combat
 - Level 9.0 Invocations


You had 10 spell levels left.
You knew the following spells:

 Your Spells              Type           Power        Failure   Level  Hunger
B - Blink                 Tloc           N/A          86%         2    ###....
M - Repel Missiles        Chrm/Air       #.....       86%         2    ###....

Inventory:

Hand Weapons
 D - a +0 blowgun
Missiles
 o - 130 poisoned needles
 q - 34 tomahawks (quivered)
 r - 5 throwing nets
 G - 5 curare-tipped needles
Armour
 i - a +0 pair of boots (worn)
 v - the +3 hat of Pondering (worn) {ponderous, MR+ MP+10 Int+5}

   It affects your intelligence (+5).
   It affects your resistance to hostile enchantments.
   It affects your magic capacity (+10).
 z - a +0 plate armour of fire resistance (worn)
 O - a +2 cloak of magic resistance (worn)
Jewellery
 e - a +2 ring of slaying (left claw)
 g - an amulet of faith (around neck)
 k - a +4 ring of evasion (right claw)
 y - an uncursed ring of fire
 C - an uncursed ring of resist corrosion
 M - an uncursed ring of sustain attributes
 U - an uncursed ring of fire
 W - an uncursed ring of flight
Wands
 f - a wand of draining (12/15)
 t - a wand of lightning (2/15)
 P - a wand of teleportation (6/9)
 S - a wand of digging (18/24)
 T - a wand of teleportation (5/9)
Scrolls
 j - a scroll of vulnerability
 l - 3 scrolls of enchant armour
 n - 6 scrolls of magic mapping
 p - a scroll of blinking
 u - 2 scrolls of fog
 x - a scroll of torment {unknown}
 K - a scroll of teleportation
 N - a scroll of fear
 R - a scroll of brand weapon {unknown}
 V - 3 scrolls of remove curse
 Y - a scroll of summoning {unknown}
Potions
 a - 5 potions of agility
 c - 2 potions of might
 h - a potion of cure mutation {unknown}
 s - 2 potions of magic
 A - 8 potions of flight
 B - a potion of ambrosia
 E - 3 potions of cancellation
 H - 5 potions of curing
 I - a potion of mutation {unknown}
Miscellaneous
 b - a lantern of shadows
 w - a phial of floods
 L - a fan of gales
 Q - a lamp of fire
Comestibles
 d - 8 meat rations
 m - 5 slices of pizza
 J - 3 beef jerkies
 Z - 11 royal jellies

Dungeon Overview and Level Annotations

Branches:
Dungeon (15/15)            Temple (1/1) D:4            Lair (8/8) D:10
 Shoals (0/4) Lair:5        Snake (0/4) Lair:4        Slime (0/6) Lair:7
    Orc (2/2) D:11            Elf (0/3) Orc:2
 Vaults: D:13-14     Depths: D:15

Altars:
Ashenzari
Cheibriados
Dithmenos
Elyvilon
Fedhas
Gozag
Kikubaaqudgha
Makhleb
Nemelex Xobeh
Okawaru
Pakellas
Qazlal
Ru
Sif Muna
Trog
Vehumet
Xom
Yredelemnul
Zin
The Shining One
Beogh

Shops:
D:6 }   D:9 =   D:11 [   D:12 [   Orc:2 *[:(

Annotations:
D:13 Rupert
Lair:1 exclusion: oklob plant


Message History

Rupert is moderately wounded.
Rupert hits you with a great mace of draining!!!
You claw Rupert!
Rupert is moderately wounded.
Rupert hits you with a great mace of draining!!
You are too injured to fight recklessly!
You are too injured to fight recklessly!
You are too injured to fight recklessly!
You are too injured to fight recklessly!
You are too injured to fight recklessly!
You are too injured to fight recklessly!
You are too injured to fight recklessly!
You are too injured to fight recklessly!
You are too injured to fight recklessly!
You are too injured to fight recklessly!
You are too injured to fight recklessly!
You are too injured to fight recklessly!
You are too injured to fight recklessly!
You are too injured to fight recklessly!
You are too injured to fight recklessly!
You are too injured to fight recklessly!
You are too injured to fight recklessly!
You are too injured to fight recklessly!
You are too injured to fight recklessly!
You are too injured to fight recklessly!
You are too injured to fight recklessly!
You are too injured to fight recklessly!
You claw Rupert! You claw Rupert, but do no damage.
Rupert is heavily wounded.
Rupert hits you with a great mace of draining!!
You can feel time thicken for a moment.
You feel somewhat more hungry.
Rupert hits you with a great mace of draining!!
You can feel time thicken for a moment.
You feel somewhat more hungry.
Rupert hits you with a great mace of draining!!
You die...

......#...#............
.......#...#..##'######
..............#.......#
..............#.......#
.#..##..##..#.######..#
..............# #..#+
........####### #....
....###.# # #....
.......@# #. #....
.......@# #. #####
+##.###.# #.######## +
#.# #....[.##. #.#
+......##. #.#
#..)...### ..+
#.#.####...+.. ..#
#.#.###.(.....
#...#....#+##.


You could see Rupert (berserk).

Action                   |  1- 3 |  4- 6 |  7- 9 | 10-12 | 13-15 || total
-------------------------+-------+-------+-------+-------+-------++-------
Melee: Unarmed           |    97 |   148 |   276 |   538 |   999 ||  2058
Invok: Slouch            |       |       |       |     1 |    15 ||    16
Evoke: Wand              |       |       |       |     5 |       ||     5
  Use: Scroll            |       |     3 |     6 |     8 |    14 ||    31
       Potion            |       |       |       |     1 |     1 ||     2
 Stab: Petrifying        |       |       |       |       |     1 ||     1
  Eat: Chunk             |    15 |    38 |    72 |    87 |   147 ||   359

Notes
Turn   | Place    | Note
--------------------------------------------------------------
     0 | D:1      | Duffy the Ghoul Fighter began the quest for the Orb.
     0 | D:1      | Reached XP level 1. HP: 19/19 MP: 0/0
   175 | D:1      | Reached skill level 3 in Unarmed Combat
   175 | D:1      | Reached XP level 2. HP: 24/26 MP: 1/1
   274 | D:2      | Reached skill level 4 in Unarmed Combat
   274 | D:2      | Reached XP level 3. HP: 27/31 MP: 2/2
  1167 | D:2      | Found an ancient bone altar of Kikubaaqudgha.
  1240 | D:2      | Reached XP level 4. HP: 34/38 MP: 3/3
  1945 | D:3      | Reached skill level 5 in Unarmed Combat
  2157 | D:3      | Reached XP level 5. HP: 45/45 MP: 4/4
  2289 | D:3      | Found a basalt altar of Yredelemnul.
  2493 | D:3      | Reached skill level 6 in Unarmed Combat
  2658 | D:3      | Found a sacrificial altar of Ru.
  2660 | D:3      | Found an iron altar of Okawaru.
  2864 | D:3      | Reached XP level 6. HP: 44/51 MP: 5/5
  3217 | D:4      | Reached skill level 7 in Unarmed Combat
  3434 | D:4      | Found a glowing silver altar of Zin.
  3437 | D:4      | Found an opulent altar of Gozag.
  3438 | D:4      | Found an oddly glowing altar of Pakellas.
  3439 | D:4      | Found a stormy altar of Qazlal.
  3439 | D:4      | Found a radiant altar of Vehumet.
  3439 | D:4      | Found a shimmering altar of Xom.
  3440 | D:4      | Found a shattered altar of Ashenzari.
  3911 | D:4      | Found a staircase to the Ecumenical Temple.
  3920 | Temple   | Entered the Ecumenical Temple
  3953 | Temple   | Became a worshipper of Cheibriados the Contemplative
  4239 | D:5      | Entered Level 5 of the Dungeon
  4420 | D:5      | Reached XP level 7. HP: 41/55 MP: 6/6
  4577 | D:5      | Reached skill level 4 in Fighting
  4577 | D:5      | Reached skill level 8 in Unarmed Combat
  4669 | D:5      | Noticed Sigmund
  4698 | D:5      | Killed Sigmund
  5162 | D:5      | Reached skill level 5 in Fighting
  5546 | D:5      | Reached * piety under Cheibriados
  5570 | D:6      | Reached XP level 8. HP: 63/68 MP: 7/7
  5590 | D:6      | Reached skill level 9 in Unarmed Combat
  5645 | D:6      | Noticed BenSoosneb's ghost (novice SpEn)
  5940 | D:6      | Found Karch's Gadget Boutique.
  5952 | D:5      | Reached skill level 6 in Fighting
  6217 | D:7      | Reached skill level 3 in Armour
  6217 | D:7      | Reached skill level 1 in Dodging
  6319 | D:7      | Reached ** piety under Cheibriados
  6486 | D:7      | Noticed Pikel
  6495 | D:7      | Killed Pikel
  6495 | D:7      | Reached skill level 2 in Dodging
  6495 | D:7      | Reached skill level 10 in Unarmed Combat
  6495 | D:7      | Reached XP level 9. HP: 57/75 MP: 8/8
  6522 | D:7      | Reached skill level 4 in Armour
  6522 | D:7      | Reached skill level 3 in Dodging
  6656 | D:7      | Reached skill level 11 in Unarmed Combat
  7063 | D:8      | Reached *** piety under Cheibriados
  7114 | D:8      | Noticed a two-headed ogre
  7120 | D:8      | Killed a two-headed ogre
  7120 | D:8      | Reached skill level 5 in Armour
  7211 | D:8      | Found a blossoming altar of Fedhas.
  7247 | D:8      | Reached XP level 10. HP: 73/83 MP: 9/9
  7252 | D:8      | Reached skill level 6 in Armour
  7252 | D:8      | Reached skill level 12 in Unarmed Combat
  7859 | D:9      | Reached skill level 7 in Armour
  7864 | D:9      | Reached **** piety under Cheibriados
  7920 | D:9      | Found Amupne's Jewellery Shoppe.
  8426 | D:9      | Reached skill level 13 in Unarmed Combat
  8616 | D:10     | Entered Level 10 of the Dungeon
  8634 | D:10     | Found a staircase to the Lair.
  8659 | D:10     | Reached skill level 8 in Armour
  8973 | D:10     | Reached XP level 11. HP: 68/89 MP: 10/10
  9026 | D:10     | Noticed Harold
  9048 | D:10     | Killed Harold
  9048 | D:10     | Reached skill level 2 in Invocations
  9325 | D:10     | Reached ***** piety under Cheibriados
  9397 | D:10     | Reached skill level 3 in Invocations
  9467 | D:6      | Killed BenSoosneb's ghost
  9933 | Lair:1   | Entered Level 1 of the Lair of Beasts
  9981 | Lair:1   | Noticed an oklob plant
 10036 | Lair:1   | Reached skill level 4 in Invocations
 10204 | Lair:1   | Noticed Gastronok
 10220 | Lair:1   | Reached skill level 14 in Unarmed Combat
 10220 | Lair:1   | Reached skill level 5 in Invocations
 10241 | Lair:1   | Killed Gastronok
 10241 | Lair:1   | Reached skill level 6 in Invocations
 10440 | Lair:1   | Learned a level 2 spell: Blink
 10443 | Lair:1   | Learned a level 2 spell: Repel Missiles
 10581 | Lair:1   | Reached skill level 7 in Invocations
 10866 | D:9      | Bought an uncursed amulet of faith for 640 gold pieces
 10908 | Lair:2   | Reached XP level 12. HP: 94/94 MP: 16/16
 10908 | Lair:2   | Reached skill level 15 in Unarmed Combat
 10960 | Lair:2   | Reached skill level 8 in Invocations
 10983 | Lair:2   | Found a frozen archway.
 11007 | IceCv    | Entered an ice cave
 11205 | IceCv    | Reached ****** piety under Cheibriados
 11205 | IceCv    | Reached skill level 9 in Invocations
 11304 | IceCv    | Reached skill level 4 in Dodging
 11741 | IceCv    | Reached skill level 7 in Fighting
 11940 | IceCv    | Noticed a death yak
 11940 | IceCv    | Noticed a death yak
 11955 | IceCv    | Killed a death yak
 11963 | IceCv    | Killed a death yak
 11984 | IceCv    | Reached skill level 9 in Armour
 12054 | IceCv    | Noticed a frost giant
 12067 | IceCv    | Killed a frost giant
 12067 | IceCv    | Reached skill level 5 in Dodging
 12067 | IceCv    | Reached skill level 16 in Unarmed Combat
 12067 | IceCv    | Reached XP level 13. HP: 51/107 MP: 18/18
 12071 | IceCv    | Reached skill level 8 in Fighting
 12915 | Lair:2   | Reached skill level 6 in Dodging
 13712 | Lair:3   | Reached skill level 9 in Fighting
 13717 | Lair:3   | Reached skill level 10 in Armour
 15164 | Lair:4   | Reached skill level 7 in Dodging
 15294 | Lair:4   | Found a staircase to the Snake Pit.
 15729 | Lair:5   | Reached XP level 14. HP: 46/119 MP: 19/19
 15865 | Lair:5   | Found a staircase to the Shoals.
 16037 | Lair:5   | Reached skill level 10 in Fighting
 16910 | Lair:6   | Got a pair of smoking gloves
 16916 | Lair:6   | Identified the +0 pair of gloves "Deicw" {rElec Int-5 Dex+4} (You acquired it on level 6 of the Lair of Beasts)
 17390 | Lair:6   | Reached skill level 17 in Unarmed Combat
 17392 | Lair:6   | Reached skill level 8 in Dodging
 18141 | Lair:7   | Found a staircase to the Slime Pits.
 18214 | Lair:8   | Entered Level 8 of the Lair of Beasts
 18230 | Lair:7   | Reached skill level 11 in Armour
 18541 | Lair:7   | Reached skill level 11 in Fighting
 19178 | D:11     | Found a staircase to the Orcish Mines.
 19188 | D:11     | Noticed Josephine
 19199 | D:11     | Killed Josephine
 19221 | D:11     | Found a roughly hewn altar of Beogh.
 19316 | D:11     | Found Hutaoq's Armour Boutique.
 19428 | D:11     | Noticed Sonja
 19432 | D:11     | Killed Sonja
 19905 | D:11     | Reached XP level 15. HP: 130/130 MP: 20/20
 19994 | D:12     | Noticed Nessos
 19997 | D:12     | Killed Nessos
 19997 | D:12     | Reached skill level 9 in Dodging
 20208 | D:12     | Noticed Maurice
 20211 | D:12     | Killed Maurice
 20212 | D:12     | Found Tan Guan's Armour Emporium.
 20286 | D:12     | Found a burning altar of Makhleb.
 20582 | D:12     | You fall through a shaft for 3 floors!
 20582 | D:15     | Entered Level 15 of the Dungeon
 21110 | Orc:1    | Entered Level 1 of the Orcish Mines
 21154 | Orc:2    | Entered Level 2 of the Orcish Mines
 21282 | Orc:2    | Noticed an orc warlord
 21294 | Orc:2    | Killed an orc warlord
 21294 | Orc:2    | Reached skill level 12 in Fighting
 21797 | Orc:2    | Found Waroa's Antique Armour Shoppe.
 21798 | Orc:2    | Found Baetiam's Antique Weapon Emporium.
 21799 | Orc:2    | Found Cacom's General Store.
 21799 | Orc:2    | Found Qyirizoq's Book Shoppe.
 21966 | Orc:2    | Found a staircase to the Elven Halls.
 23239 | D:13     | Noticed Urug
 23246 | D:13     | Killed Urug
 23356 | D:13     | Noticed Rupert
 23366 | D:13     | Mangled by Rupert

Vault maps used:
D:1:      lightli_molten_gateway
D:2:      kiku_gazebo_garden_becter, corexii_leaking_fountain, st_stairs_10
D:3:      lemuel_zombie_altar_yredelemnul, nicolae_overflow_hidden_temple
D:4:      grunt_temple_overflow_open, temple_hall
D:5:      first_bread, minmay_tree_intersection, lexackson_kobold_supper,
          uniq_sigmund
D:6:      serial_shops, shop
D:7:      grunt_ministairs_5, uniq_pikel
D:8:      fedhas_altar_2
D:9:      serial_shops, shop
D:10:     dpeg_oklobed_lair, uniq_harold
D:11:     minmay_orc_entry_temple_small, serial_shops, shop, uniq_sonja,
          uniq_josephine
D:12:     serial_shops, shop, hangedman_little_slice_of_home, st_stairs_10,
          lemuel_oklob_altar, uniq_nessos, uniq_maurice
D:13:     david_vaults_1, minmay_item_behind_shaft, minivault_25,
          nrook_guardian_serpent_ordinary, uniq_urug, uniq_rupert
D:14:     minmay_misc_feat_diagonals, uniq_agnes
D:15:     grunt_enter_depths_magical_seal, serial_shops,
          nicolae_shop_overgrown_old_shop, grunt_decor_cap, minivault_4,
          serial_bayou_pond_e, makhleb_altar_promises_db
Temple:   minmay_temple_bridge_a_8
Lair:1:   minmay_lair_oklob_bushes, uniq_gastronok
Lair:2:   portal_ice_cave_entry_ice_beasts, lemuel_fruit_tree
Lair:3:   grunt_megastairs_1
Lair:4:   dummy_snake_entry
Lair:5:   wad_woods_minihive, minmay_shoals_entry_lonely_mermaid,
          eino_house_with_fridge, lemuel_fruit_fields
Lair:6:   serial_bayou_shore_a
Lair:7:   slime_dummy, beast_lair_carwin_6
Lair:8:   minmay_lair_end_frog_pond, uniq_maud
Orc:2:    st_orc_congregation
IceCv:    ice_cave_caverns_01

Vanquished Creatures
  Gastronok
  A frost giant
  An orc warlord Nessos Josephine Harold
  5 hydras
  2 catoblepae
  6 death yaks Urug
  3 orc high priests Sonja
  2 hill giants Pikel
  5 orc knights
  An ugly thing
  A necromancer
  4 orc sorcerers
  A griffon
  An oklob plant
  5 black mambas
  A siren Maurice
  An ice statue
  A guardian serpent
  2 gargoyles
  The ghost of BenSoosneb the Covert, a novice SpEn
  A centaur skeleton
  16 spiny frogs
  34 orc warriors
  12 komodo dragons
  A kobold demonologist
  5 trolls
  15 polar bears
  2 two-headed ogres
  18 blink frogs
  A slime creature
  A boulder beetle
  5 wraiths Sigmund
  76 yaks
  A steam dragon
  A basilisk (shapeshifter)
  11 hippogriffs
  A hungry ghost
  35 wolves
  A soldier ant
  6 wargs
  15 water moccasins
  13 porcupines
  A black bear
  2 slaves
  3 sky beasts
  10 ice beasts
  2 eyes of draining
  A necrophage
  12 ogres
  13 crocodiles
  3 centaurs
  4 big kobolds
  20 giant frogs
  A wyvern skeleton
  8 scorpions
  2 water moccasin skeletons
  3 killer bees
  2 electric eels
  3 wights
  A centaur zombie
  2 crimson imps
  8 jellies
  A giant frog zombie
  6 hounds
  25 orc priests
  A giant frog skeleton
  24 orc wizards
  6 iguanas
  A yak simulacrum
  6 worker ants
  7 polar bear simulacra
  12 sheep
  2 wolf simulacra
  A hound skeleton
  3 worker ant zombies
  3 gnolls
  11 adders
  55 river rats
  A shadow imp
  6 oozes
  An adder zombie
  3 adder skeletons
  3 worms
  9 giant geckos
  104 orcs
  A ball python
  9 bats
  5 giant cockroaches
  5 goblins
  11 hobgoblins
  8 jackals
  2 quokkas
  A giant gecko skeleton
  2 giant newts
  2 gnoll zombies
  20 kobolds
  4 quokka skeletons
  7 rats
  A river rat simulacrum
  21 fungi
  10 plants
825 creatures vanquished.
